Match 41163014
Unlisted

Match 41163014
End
Vickers Machine Gun Team
Construct Section Command Post
Infantry Section
Infantry Section
Grenade Package
Infantry Section
Construct Platoon Command Post
Humber Armored Car
Selects Australian Defense Battlegroup
Selects Australian Light Infantry Section
Selects CMP 15cwt Supply Run
Selects Australian Light Infantry Section
Selects Defensive Tactics
Selects CMP 15cwt Supply Run
Selects Australian Light Infantry Section
Construct Field Infirmary
CMP 15cwt Supply Run
Australian Light Infantry Section
Unlock Bishop Self-propelled Artillery
Bishop Self-propelled Artillery
Selects Defensive Tactics
6-pounder Anti-tank Gun Team
Construct Company Command Post
Matilda II Heavy Tank
Royal Engineer Section
Selects Reinforced Resource Caches
Selects Hold the Line!
Hold the Line!
[PD]No_Option
TidaL
Minipax
[Phoenix]
ANO
mame
Suirenka-
IcyLonely
0
0

Comments sign in to comment!

No comments posted yet!